MAA
LANCASTER FARMERS @ BATTLE GROUND AEROS
06/17/2019
 
TOP OF THE 1ST
Lancaster Farmers batting - Pitching for Battle Ground Aeros : RHP Claudio Díaz
Pitching: RHP Claudio Díaz
Batting: RHB Fernando Castro 0-0: Fly out, F9 (Flyball, 89S)
Batting: RHB Fred Meyer 0-0: Ball
1-0: Called Strike
1-1: Foul Ball, location: 2F
1-2: Ball
2-2: Strikes out swinging
Batting: LHB Dave Burns 0-0: Ball
1-0: Ball
2-0: Called Strike
2-1: Ball
3-1: Base on Balls
Batting: RHB Jason Ruffin 0-0: Ball
1-0: SINGLE (Line Drive, 4M)
Dave Burns to second
Batting: RHB Eric Howard 0-0: Foul Ball, location: 2F
0-1: Foul Ball, location: 2F
0-2: Strikes out swinging
Top of the 1st over - 0 run(s), 1 hit(s), 0 error(s), 2 left on base; Lancaster 0 - Battle Ground 0
BOTTOM OF THE 1ST
Battle Ground Aeros batting - Pitching for Lancaster Farmers : RHP José Salinas
Pitching: RHP José Salinas
Batting: RHB Miguel Angel González 0-0: Ball
1-0: Foul Ball, location: 2F
1-1: Ball
2-1: Ball
3-1: Fly out, F7 (Line Drive, 7LM)
Batting: RHB Dao-zi Dai 0-0: Called Strike
0-1: Fly out, F8 (Flyball, 8LM)
Batting: RHB Jim Unknown 0-0: Called Strike
0-1: Foul Ball, location: 2F
0-2: Ball
1-2: Foul Ball, location: 2F
1-2: Foul Ball, location: 2F
1-2: Strikes out swinging
Bottom of the 1st over - 0 run(s), 0 hit(s), 0 error(s), 0 left on base; Lancaster 0 - Battle Ground 0
TOP OF THE 2ND
Lancaster Farmers batting - Pitching for Battle Ground Aeros : RHP Claudio Díaz
Batting: RHB Bennett Bates 0-0: Foul Ball, location: 2F
0-1: Ball
1-1: Ground out 6-3 (Groundball, 6)
Batting: RHB Chuck Wolf 0-0: Ball
1-0: Ball
2-0: Fly out, F6 (Popup, 6S)
Batting: LHB Rob Wilson 0-0: Ball
1-0: Called Strike
1-1: Ball
2-1: Ball
3-1: Called Strike
3-2: Fly out, F7 (Flyball, 7S)
Top of the 2nd over - 0 run(s), 0 hit(s), 0 error(s), 0 left on base; Lancaster 0 - Battle Ground 0
BOTTOM OF THE 2ND
Battle Ground Aeros batting - Pitching for Lancaster Farmers : RHP José Salinas
Batting: RHB Wayne Cameron 0-0: Foul Ball, location: 2F
0-1: Foul Ball, location: 2F
0-2: Ball
1-2: Ball
2-2: Ball
3-2: Base on Balls
Batting: LHB Kenny Webster 0-0: Ball
Wayne Cameron is caught stealing 2nd base
1-0: Ball
2-0: Ball
3-0: Called Strike
3-1: Ground out 3-6 (Groundball, 3)
Batting: SHB Shawn Sánchez 0-0: SINGLE (Line Drive, 6M)
Batting: LHB Carlos Álvarez 0-0: Called Strike
0-1: Ball
1-1: Foul Ball, location: 2F
1-2: Strikes out swinging
Bottom of the 2nd over - 0 run(s), 1 hit(s), 0 error(s), 1 left on base; Lancaster 0 - Battle Ground 0
TOP OF THE 3RD
Lancaster Farmers batting - Pitching for Battle Ground Aeros : RHP Claudio Díaz
Batting: RHB Jack Sloan 0-0: Called Strike
0-1: Ball
1-1: Swinging Strike
1-2: Ball
2-2: Ball
3-2: Strikes out swinging
Batting: RHB Fernando Castro 0-0: Foul Ball, location: 2F
0-1: Ball
1-1: Swinging Strike
1-2: Fly out, F9 (Popup, 3D)
Batting: RHB Fred Meyer 0-0: Ball
1-0: Foul Ball, location: 2F
1-1: Called Strike
1-2: Ground out 1-3 (Groundball, 23)
Top of the 3rd over - 0 run(s), 0 hit(s), 0 error(s), 0 left on base; Lancaster 0 - Battle Ground 0
BOTTOM OF THE 3RD
Battle Ground Aeros batting - Pitching for Lancaster Farmers : RHP José Salinas
Batting: LHB Jim Unknown 0-0: Called Strike
0-1: Hit by Pitch
Batting: RHB Augusto Flores 0-0: Called Strike
0-1: Reached on error, E5 (Groundball, 5)
Jim Unknown to second
Batting: RHB Miguel Angel González 0-0: Ball
1-0: Called Strike
1-1: Ball
2-1: Foul Ball, location: 2F
2-2: Strikes out looking
Batting: RHB Dao-zi Dai 0-0: Called Strike
0-1: Ball
1-1: Ball
2-1: Ball
3-1: Foul Ball, location: 2F
3-2: Hit by Pitch
Jim Unknown to third
Augusto Flores to second
Batting: RHB Jim Unknown 0-0: Ball
1-0: Ball
2-0: Fly out, F9 (Flyball, 89M)
Runner from 3rd tags up, SCORES, no throw
Batting: RHB Wayne Cameron 0-0: Foul Ball, location: 2F
0-1: Swinging Strike
0-2: Ball
1-2: Strikes out looking
Bottom of the 3rd over - 1 run(s), 0 hit(s), 1 error(s), 2 left on base; Lancaster 0 - Battle Ground 1
TOP OF THE 4TH
Lancaster Farmers batting - Pitching for Battle Ground Aeros : RHP Claudio Díaz
Batting: LHB Dave Burns 0-0: Called Strike
0-1: Called Strike
0-2: Ball
1-2: SINGLE (Line Drive, 8LS)
Batting: RHB Jason Ruffin 0-0: Ball
1-0: Ball
2-0: Ball
3-0: Base on Balls
Dave Burns to second
Batting: RHB Eric Howard 0-0: Foul Ball, location: 2F
0-1: Ball
Balk!
Dave Burns to third
Jason Ruffin to second
1-1: 3-RUN HOME RUN (Flyball, 9D), Distance : 376 ft
Batting: RHB Bennett Bates 0-0: Called Strike
0-1: Ball
1-1: Foul Ball, location: 2F
1-2: Ball
2-2: Fly out, F7 (Flyball, 7LM)
Batting: RHB Chuck Wolf 0-0: Ball
1-0: Fly out, F4 (Popup, 3DF)
Batting: LHB Rob Wilson 0-0: SINGLE (Groundball, 6MD)
Batting: RHB Jack Sloan 0-0: Ball
1-0: Called Strike
1-1: Ball
2-1: SINGLE (Line Drive, 6MD)
Rob Wilson to second
Runner from 2nd tries for 3rd, SAFE, throw made to third
Batting: RHB Fernando Castro 0-0: Ball
1-0: Called Strike
1-1: Foul Ball, location: 2F
1-2: Strikes out looking
Top of the 4th over - 3 run(s), 4 hit(s), 0 error(s), 2 left on base; Lancaster 3 - Battle Ground 1
BOTTOM OF THE 4TH
Battle Ground Aeros batting - Pitching for Lancaster Farmers : RHP José Salinas
Batting: LHB Kenny Webster 0-0: Ball
1-0: Ball
2-0: Called Strike
2-1: SINGLE (Groundball, 4MD)
Batting: SHB Shawn Sánchez 0-0: Fielders Choice at 2nd, 6-4 (Groundball, 6M)
Batting: LHB Carlos Álvarez 0-0: SINGLE (Line Drive, 4M)
Shawn Sánchez to second
Batting: LHB Jim Unknown 0-0: Called Strike
0-1: Foul Ball, location: 2F
0-2: Ball
1-2: Ball
2-2: SINGLE (Line Drive, 34D)
Shawn Sánchez to third
Carlos Álvarez to second
Batting: RHB Augusto Flores 0-0: Ball
1-0: Fly out, F9 (Flyball, 9M)
Runner from 3rd tags up, SCORES, no throw
Batting: RHB Miguel Angel González 0-0: Ball
1-0: Swinging Strike
1-1: Ball
2-1: Ball
3-1: SINGLE (Line Drive, 56D)
Carlos Álvarez to third
Jim Unknown to second
Batting: RHB Dao-zi Dai 0-0: Foul Ball, location: 2F
0-1: Fly out, F4 (Popup, 4)
Bottom of the 4th over - 1 run(s), 4 hit(s), 0 error(s), 3 left on base; Lancaster 3 - Battle Ground 2
TOP OF THE 5TH
Lancaster Farmers batting - Pitching for Battle Ground Aeros : RHP Claudio Díaz
Batting: RHB Fred Meyer 0-0: Called Strike
0-1: Ball
1-1: Called Strike
1-2: Ball
2-2: Ball
3-2: Strikes out looking
Batting: LHB Dave Burns 0-0: Ball
1-0: Fly out, F8 (Flyball, 8LM)
Batting: RHB Jason Ruffin 0-0: Ball
1-0: Called Strike
1-1: Called Strike
1-2: SINGLE (Groundball, 25) (infield hit)
Batting: RHB Eric Howard 0-0: Ball
1-0: Swinging Strike
1-1: Fly out, F8 (Flyball, 8RM)
Top of the 5th over - 0 run(s), 1 hit(s), 0 error(s), 1 left on base; Lancaster 3 - Battle Ground 2
BOTTOM OF THE 5TH
Battle Ground Aeros batting - Pitching for Lancaster Farmers : RHP José Salinas
Batting: RHB Jim Unknown 0-0: Ball
1-0: Called Strike
1-1: Ground out 5-3 (Groundball, 56S)
Batting: RHB Wayne Cameron 0-0: Ground out 6-3 (Groundball, 6)
Batting: LHB Kenny Webster 0-0: Ball
1-0: Ball
2-0: Ball
3-0: Base on Balls
Batting: SHB Shawn Sánchez 0-0: Ball
1-0: Ball
2-0: Swinging Strike
2-1: Ball
3-1: Base on Balls
Kenny Webster to second
Batting: LHB Carlos Álvarez 0-0: Foul Ball, location: 2F
0-1: Ball
1-1: Foul Ball, location: 2F
1-2: Foul Ball, location: 2F
1-2: Ball
2-2: Ball
3-2: Base on Balls
Kenny Webster to third
Shawn Sánchez to second
Batting: LHB Jim Unknown 0-0: Called Strike
0-1: Ball
1-1: Swinging Strike
1-2: Strikes out swinging
Bottom of the 5th over - 0 run(s), 0 hit(s), 0 error(s), 3 left on base; Lancaster 3 - Battle Ground 2
TOP OF THE 6TH
Lancaster Farmers batting - Pitching for Battle Ground Aeros : RHP Claudio Díaz
Batting: RHB Bennett Bates 0-0: Ball
1-0: Called Strike
1-1: Ground out 5-3 (Groundball, 5L)
Batting: RHB Chuck Wolf 0-0: Called Strike
0-1: Ball
1-1: Ground out 1-3 (Groundball, 15S)
Batting: LHB Rob Wilson 0-0: Called Strike
0-1: Ball
1-1: SINGLE (Groundball, 4MD)
Batting: RHB Jack Sloan 0-0: Ball
1-0: Fly out, F7 (Flyball, 7M)
Top of the 6th over - 0 run(s), 1 hit(s), 0 error(s), 1 left on base; Lancaster 3 - Battle Ground 2
BOTTOM OF THE 6TH
Battle Ground Aeros batting - Pitching for Lancaster Farmers : RHP José Salinas
Batting: RHB Augusto Flores 0-0: Ball
1-0: Fly out, F8 (Line Drive, 8RS)
Batting: RHB Miguel Angel González 0-0: Called Strike
0-1: Called Strike
0-2: Strikes out looking
Batting: RHB Dao-zi Dai 0-0: Ball
1-0: Called Strike
1-1: Foul Ball, location: 2F
1-2: Ball
2-2: Foul Ball, location: 2F
2-2: Ball
3-2: Fly out, F5 (Popup, 56S)
Bottom of the 6th over - 0 run(s), 0 hit(s), 0 error(s), 0 left on base; Lancaster 3 - Battle Ground 2
TOP OF THE 7TH
Lancaster Farmers batting - Pitching for Battle Ground Aeros : RHP Claudio Díaz
Batting: RHB Fernando Castro 0-0: Ball
1-0: Foul Ball, location: 2F
1-1: SINGLE (Groundball, 6MD)
Batting: RHB Fred Meyer 0-0: Ground out 4-3 (Groundball, 4MD)
Fernando Castro to second
Batting: LHB Dave Burns 0-0: Intentional Walk
Batting: RHB Jason Ruffin 0-0: Called Strike
0-1: Ball
1-1: Foul Ball, location: 2F
1-2: Ball
2-2: Ball
3-2: Strikes out swinging
Pitching: RHP Joe Lynn
Pinch Hitting: RHB Ray John 0-0: Called Strike
0-1: Ball
1-1: Ball
2-1: Called Strike
2-2: SINGLE (Flyball, 9LS)
Fernando Castro to third
Dave Burns to second
Runner from 3rd tries for Home, SAFE, no throw or cutoff
Pinch Hitting: SHB Arturo Robles 0-0: Called Strike
0-1: Ball
1-1: Swinging Strike
1-2: Strikes out swinging
Top of the 7th over - 1 run(s), 2 hit(s), 0 error(s), 2 left on base; Lancaster 4 - Battle Ground 2
BOTTOM OF THE 7TH
Battle Ground Aeros batting - Pitching for Lancaster Farmers : RHP José Salinas
Now at 1B: Ray John
Now at SS: Bob Wilson
Batting: RHB Jim Unknown 0-0: Called Strike
0-1: Ball
1-1: Ball
2-1: Called Strike
2-2: Ball
3-2: Base on Balls
Pitching: RHP Ted Thompson
Batting: RHB Wayne Cameron 0-0: Swinging Strike
0-1: Foul Ball, location: 2F
0-2: SINGLE (Flyball, 8RS)
Jim Unknown to second
Runner from 2nd tries for 3rd, SAFE, throw made to third
Wayne Cameron to second
Batting: LHB Kenny Webster 0-0: Foul Ball, location: 2F
0-1: Ball
1-1: Ball
2-1: Ball
3-1: Base on Balls
Batting: SHB Shawn Sánchez 0-0: Ball
1-0: Ball
2-0: Ball
3-0: Base on Balls
Jim Unknown scores
Wayne Cameron to third
Kenny Webster to second
Batting: LHB Carlos Álvarez 0-0: Called Strike
0-1: Ball
1-1: Swinging Strike
1-2: Ball
2-2: Foul Ball, location: 2F
2-2: Ball
3-2: Strikes out swinging
Batting: LHB Jim Unknown 0-0: Foul Ball, location: 2F
0-1: Foul Ball, location: 2F
0-2: Ball
1-2: Fly out, F9 (Flyball, 9D)
Runner from 3rd tags up, SCORES, no throw
Batting: RHB Augusto Flores 0-0: Called Strike
0-1: Foul Ball, location: 2F
0-2: Strikes out swinging
Bottom of the 7th over - 2 run(s), 1 hit(s), 0 error(s), 2 left on base; Lancaster 4 - Battle Ground 4
TOP OF THE 8TH
Lancaster Farmers batting - Pitching for Battle Ground Aeros : RHP Joe Lynn
Batting: RHB Chuck Wolf 0-0: Ball
1-0: SINGLE (Flyball, 89S)
Pinch Hitting: RHB John Howell 0-0: Called Strike
0-1: Fly out, F3 (Popup, 3F)
Batting: RHB Jack Sloan 0-0: Ball
1-0: Foul Ball, location: 2F
1-1: Fly out, F7 (Flyball, 7M)
Batting: RHB Fernando Castro 0-0: Ball
1-0: SINGLE (Line Drive, 4D)
Chuck Wolf to second
Runner from 2nd tries for 3rd, SAFE, no throw or cutoff
Batting: RHB Fred Meyer 0-0: Swinging Strike
0-1: Called Strike
Fernando Castro steals 2nd base
0-2: Ball
1-2: Hit by Pitch
Batting: LHB Dave Burns 0-0: Ball
1-0: Ball
2-0: Ball
3-0: Base on Balls
Chuck Wolf scores
Fernando Castro to third
Fred Meyer to second
Batting: RHB Jason Ruffin 0-0: Ball
1-0: Fly out, F4 (Popup, 34)
Top of the 8th over - 1 run(s), 2 hit(s), 0 error(s), 3 left on base; Lancaster 5 - Battle Ground 4
BOTTOM OF THE 8TH
Battle Ground Aeros batting - Pitching for Lancaster Farmers : RHP Ted Thompson
Pitching: RHP Jason Jackson
Now in RF: John Howell
Batting: RHB Miguel Angel González 0-0: Called Strike
0-1: Called Strike
0-2: Foul Ball, location: 2F
0-2: Fly out, F8 (Flyball, 8LM)
Batting: RHB Dao-zi Dai 0-0: Ball
1-0: Called Strike
1-1: Ball
2-1: Foul Ball, location: 2F
2-2: Reached on error, E5 (Groundball, 56)
Batting: RHB Jim Unknown 0-0: Called Strike
0-1: Called Strike
0-2: Foul Ball, location: 2F
0-2: Fly out, F7 (Flyball, 7M)
Batting: RHB Wayne Cameron 0-0: Ball
1-0: Fly out, F7 (Flyball, 7D)
Bottom of the 8th over - 0 run(s), 0 hit(s), 1 error(s), 1 left on base; Lancaster 5 - Battle Ground 4
TOP OF THE 9TH
Lancaster Farmers batting - Pitching for Battle Ground Aeros : RHP Joe Lynn
Pitching: RHP Jim Unknown
Batting: RHB Ray John 0-0: Ball
1-0: Ball
2-0: Swinging Strike
2-1: Ground out 4-3 (Groundball, 4)
Pitching: RHP Rex Hood
Batting: RHB Bob Wilson 0-0: Foul Ball, location: 2F
0-1: Ball
1-1: Ground out 6-3 (Groundball, 6)
Batting: RHB Chuck Wolf 0-0: Called Strike
0-1: Swinging Strike
0-2: Ball
1-2: Ball
2-2: Foul Ball, location: 2F
2-2: Strikes out swinging
Top of the 9th over - 0 run(s), 0 hit(s), 0 error(s), 0 left on base; Lancaster 5 - Battle Ground 4
BOTTOM OF THE 9TH
Battle Ground Aeros batting - Pitching for Lancaster Farmers : RHP Jason Jackson
Pitching: LHP António Silva
Pinch Hitting: RHB Adrian Draper 0-0: Swinging Strike
0-1: Foul Ball, location: 2F
0-2: Ball
Single, Error in OF, E7, batter to second base
Pinch Hitting: RHB Jorge Rivera 0-0: Ball
1-0: Called Strike
1-1: Ball
2-1: Ball
3-1: Foul Ball, location: 2F
3-2: Base on Balls
Pinch Runner at 2nd Raúl Guerrero:
Batting: LHB Carlos Álvarez 0-0: Sac Bunt - play at third, runner OUT! 1-5
Jorge Rivera to second
Batting: LHB Jim Unknown 0-0: Ball
1-0: Called Strike
1-1: Foul Ball, location: 2F
1-2: Strikes out looking
Batting: RHB Augusto Flores 0-0: Foul Ball, location: 2F
0-1: Ball
1-1: Fielders Choice at 2nd, U4 (Groundball, 4M)
Bottom of the 9th over - 0 run(s), 1 hit(s), 1 error(s), 2 left on base; Lancaster 5 - Battle Ground 4
This league is powered by Out of the Park Baseball, the baseball management simulation game for PC, Mac and Linux
Saturday, July 25th, 2015 - OOTP Baseball 15.6 Build 34